 Dungeon Crawl Stone Soup version 0.28-a0-1213-g0243856f03 (webtiles) character file.

Game seed: 9622574929892435490

2 wakim the Gusty (level 1, 0/10 HPs)
             Began as a Tengu Air Elementalist on Dec 21, 2021.
             Slain by a gnoll (10 damage)
             ... on level 1 of the Dungeon.
             The game lasted 00:00:42 (113 turns).

wakim the Gusty (Tengu Air Elementalist)             Turns: 113, Time: 00:00:42

Health: 0/10       AC:  2    Str:  8    XL:     1   Next: 40%
Magic:  2/4        EV: 12    Int: 15    God:
Gold:   7          SH:  0    Dex: 14    Spells: 3/4 levels left

rFire   . . .      SeeInvis .   (no weapon)
rCold   . . .      Faith    .   (no shield)
rNeg    . . .      Spirit   .   a - +0 robe
rPois   .          Reflect  .   (helmet restricted)
rElec   .          Harm     .   (no cloak)
rCorr   .          Rampage  .   (no gloves)
Will    .....                   (boots unavailable)
Stlth   ++........              (no amulet)
HPRegen 0.03/turn               (no ring)
MPRegen 0.09/turn               (no ring)

@: no status effects
A: beak, talons 3
a: no special abilities


You were on level 1 of the Dungeon.
You visited 1 branch of the dungeon, and saw 1 of its levels.

You collected 7 gold pieces.

Inventory:

Armour
 a - a +0 robe (worn)


   Skills:
 - Level 2.1 Dodging
 - Level 2.0 Stealth
 + Level 2.0 Spellcasting
 + Level 1.6 Conjurations
 + Level 4.1 Air Magic


You had 3 spell levels left.
You knew the following spells:

 Your Spells              Type           Power      Damage    Failure   Level
a - Shock                 Conj/Air       40%        1d5       7%          1

Your spell library contained the following spells:

 Spells                   Type           Power      Damage    Failure   Level
 Static Discharge         Conj/Air       10%        N/A       11%         2
 Swiftness                Air            13%        N/A       12%         3
 Airstrike                Air            6%         N/A       38%         4


Dungeon Overview and Level Annotations

Branches:
Dungeon (1/15)

Altars:

Shops:
D:1 :


Innate Abilities, Weirdness & Mutations

You have a beak for a mouth.
You have claws for feet.


Message History

Press ? for a list of commands and other information.
You now have 7 gold pieces.
An endoplasm comes into view.
The endoplasm quivers.
There is an escape hatch in the floor here.
The zap hits the endoplasm.
The endoplasm is almost dead.
That beam is likely to hit you.
Continue anyway? [Y]es or [N]o only, please.
That beam is likely to hit you.
Continue anyway?
Okay, then.
The zap hits the endoplasm.
You kill the endoplasm!
Magic restored.
There is an escape hatch in the floor here.
A giant cockroach and a gnoll come into view.
The giant cockroach moves out of view.
There is an escape hatch in the floor here.
Unknown command.
An endoplasm comes into view.
The endoplasm quivers.
The zap hits the endoplasm.
The endoplasm is lightly wounded.
The endoplasm hits you.
The zap hits the endoplasm.
The endoplasm is heavily wounded.
The endoplasm hits you but does no damage.
The zap hits the endoplasm.
You kill the endoplasm!
HP restored.
You start resting.
Magic restored.
The zap hits the gnoll.
The gnoll is lightly wounded.
The gnoll shouts!
You hear a shout!
The zap misses the gnoll.
The zap hits the gnoll.
The gnoll is moderately wounded.
The gnoll hits you from afar with a +0 spear!
Ouch! That really hurt!
You die...

#.8.....8.#
.....
#.........#
....
#.........#
...
#.8.....8.# ..
#.........# .#
#>...>...>##g#
###.##..##..>#
#.##.###.###
#....@.g.#
#....#####
#.##.# #. #8#
# #.# .∩. #>#
#8


You could see a gnoll.

Vanquished Creatures
  2 endoplasms (D:1)
2 creatures vanquished.

Notes
Turn   | Place    | Note
-------+----------+-------------------------------------------
     0 | D:1      | wakim the Tengu Air Elementalist began the quest for the
                  | Orb.
     0 | D:1      | Reached XP level 1. HP: 10/10 MP: 4/4
   101 | D:1      | Found Wopeg's Book Boutique.
   113 | D:1      | Slain by a gnoll

Illustrated notes

Levels and vault maps discovered:
D:1:      lemuel_arrival_broad_hall, layout_basic, serial_shops, shop_fountains,
          nicolae_shop_statue_plus, nicolae_shop_hallway_stairs, shop,
          nicolae_shop_window_shopping, minmay_misc_feat_roman,
          minmay_box_of_dots

Action                   || total
-------------------------++-------
 Cast: Shock             ||     7
Armor: Robe              ||     1

Table legend: (Time is in decaauts)
 A = Elapsed time spent in this place.
 B = Non-inter-level travel time spent in this place.
 C = Inter-level travel time spent in this place.
 D = Time resting spent in this place.
 E = Time spent auto-exploring this place.
 F = Levels seen in this place.
 G = Mean time per level.
                   A        B        C        D        E       F      G
               +--------+--------+--------+--------+--------+-----+--------+
         Total |    113 |    113 |      0 |     18 |     35 |   1 |  113.0 |
       Dungeon |    113 |    113 |      0 |     18 |     35 |   1 |  113.0 |
               +--------+--------+--------+--------+--------+-----+--------+

Top non-repeatable levels by time:
     D:1: 113 daAuts
